 Dungeon Crawl Stone Soup version 0.24.0-37-gcf1ca852f1 (webtiles) character file.

Game seed: 15942748078496550158, levelgen mode: deterministic

86824 Delamore the Severer (level 15, -16/216 HPs)
             Began as a Hill Orc Fighter on Dec 1, 2019.
             Was the Champion of Okawaru.
             Killed from afar by Arachne (23 damage)
             ... with a bolt of poison
             ... on level 3 of the Spider Nest.
             The game lasted 00:44:29 (26458 turns).

Delamore the Severer (Hill Orc Fighter)            Turns: 26458, Time: 00:44:31

Health: -16/216    AC: 32    Str: 36    XL:     15   Next: 88%
Magic:  0/32       EV:  8    Int:  8    God:    Okawaru [******]
Gold:   1143       SH:  7    Dex: 26    Spells: 14/14 levels left

rFire    + . .     SeeInvis .   X - +7 broad axe "Plog" {venom, Str+3 Stlth+}
rCold    . . .     Gourm    .   S - +1 buckler {AC+3}
rNeg     + . .     Faith    .   B - +1 plate armour {rF+}
rPois    .         Spirit   +   I - +0 helmet "Myrudoij" {rN+ MR+ Slay+6} (curse)
rElec    .         Reflect  .   t - +2 cloak of the Black Moon {Str+5 Dex+5}
rCorr    .         Harm     .   Y - +1 pair of gloves {Dex+3}
MR       +++..                  y - +2 pair of boots
Stlth    ..........             k - amulet of guardian spirit
HPRegen  0.46/turn              A - ring of magical power
MPRegen  0.23/turn              j - +3 ring of dexterity

@: berserking, lethally poisoned (-16 -> -77), very quick
A: fangs 1, hooves 1, thin skeletal structure 1, magic resistance 1, subdued
magic 1
a: Heroism, Finesse, Renounce Religion


You were on level 3 of the Spider Nest.
You worshipped Okawaru.
Okawaru was exalted by your worship.
You were very hungry.

You visited 5 branches of the dungeon, and saw 25 of its levels.
You visited the Abyss 1 time.

You collected 2043 gold pieces.
You spent 900 gold pieces at shops.

Inventory:

Hand Weapons
 a - a +3 executioner's axe of chopping
 c - a +0 giant spiked club
 x - a +1 hand axe of flaming
 U - the +10 dark maul {crush}
   (You found it on level 6 of the Lair of Beasts)

   It inflicts extra damage upon your enemies.
 X - the +7 broad axe "Plog" (weapon) {venom, Str+3 Stlth+}
   (Okawaru gifted it to you on level 5 of the Lair of Beasts)

   It poisons the flesh of those it strikes.
   It affects your strength (+3).
   It makes you more stealthy.
Missiles
 r - 54 poisoned darts (quivered)
Armour
 t - the +2 cloak of the Black Moon (worn) {Str+5 Dex+5}
   (You found it on level 4 of the Lair of Beasts)

   It affects your strength (+5).
   It affects your dexterity (+5).
 u - the -6 pair of boots "Yci Kofu" {-Cast rElec rN+++ rCorr}
   (Okawaru gifted it to you on level 4 of the Lair of Beasts)

   It insulates you from electricity.
   It renders you almost immune to negative energy.
   It prevents spellcasting.
   It provides partial protection from all sources of acid and corrosion.
 y - a +2 pair of boots (worn)
 B - a +1 plate armour of fire resistance (worn)
 I - the cursed +0 helmet "Myrudoij" (worn) {rN+ MR+ Slay+6}
   (You found it on level 8 of the Dungeon)

   It affects your accuracy and damage with ranged weapons and melee attacks
   (+6).
   It protects you from negative energy.
   It affects your resistance to hostile enchantments.
   It has a curse placed upon it.
 S - a +1 buckler of protection (worn)
 Y - a +1 pair of gloves of dexterity (worn)
Jewellery
 j - a +3 ring of dexterity (right hand)
 k - an amulet of guardian spirit (around neck)
 A - a ring of magical power (left hand)
Wands
 b - a wand of scattershot (6)
 i - a wand of flame (27)
 p - a wand of enslavement (6)
 G - a wand of iceblast (3)
 H - a wand of digging (5)
 K - a wand of paralysis (15)
 R - a wand of random effects (17)
Scrolls
 e - 4 scrolls of amnesia
 g - a scroll of silence {unknown}
 h - 11 scrolls of remove curse
 l - 6 scrolls of teleportation
 o - 5 scrolls of fog
 v - 5 scrolls of enchant armour
 w - 4 scrolls of fear
 C - a scroll of random uselessness {unknown}
 E - 2 scrolls of magic mapping
 F - 3 scrolls of enchant weapon
 N - a scroll of brand weapon
 O - 2 scrolls of immolation {unknown}
 P - a scroll of blinking
 Z - a scroll of holy word
Potions
 d - 2 potions of might
 m - 7 potions of curing
 n - 5 potions of ambrosia
 q - 3 potions of flight
 s - 4 potions of magic
 D - 3 potions of agility
 J - 2 potions of berserk rage
 L - 2 potions of mutation
 M - a potion of cancellation {unknown}
 Q - 3 potions of invisibility {unknown}
 W - 3 potions of heal wounds
Comestibles
 f - 28 rations


   Skills:
 - Level 16.3 Fighting
 - Level 19.2 Axes
 * Level 14.6 Armour
 - Level 3.2 Shields
 + Level 11.3 Invocations
 + Level 8.9 Evocations


You had 14 spell levels left.
You didn't know any spells.
Your spell library contained the following spells:

 Spells                   Type           Power        Failure   Level  Hunger
 Apportation              Tloc           #.....       88%         1    ##.....
 Flame Tongue             Conj/Fire      #....        88%         1    ##.....
 Shock                    Conj/Air       #...         88%         1    ##.....
 Summon Butterflies       Summ           #.......     88%         1    ##.....
 Call Canine Familiar     Summ           #.......     99%         3    ####...
 Lesser Beckoning         Tloc           #.........   99%         3    ####...
 Recall                   Summ/Tloc      N/A          99%         3    ####...
 Tukima's Dance           Hex            #.......     99%         3    ####...
 Airstrike                Air            #.........   100%        4    #####..
 Summon Ice Beast         Ice/Summ       #.......     100%        4    #####..
 Summon Lightning Spire   Summ/Air       #.......     100%        4    #####..
 Alistair's Intoxication  Tmut/Pois      #.......     100%        5    ######.
 Aura of Abjuration       Summ           #.........   100%        5    ######.
 Silence                  Hex/Air        #.........   100%        5    ######.
 Summon Demon             Summ           #.........   100%        5    ######.
 Summon Forest            Summ/Tloc      #.........   100%        5    ######.
 Summon Mana Viper        Hex/Summ       #.......     100%        5    ######.
 Conjure Ball Lightning   Conj/Air       #.........   100%        6    #######
 Deflect Missiles         Chrm/Air       #.........   100%        6    #######
 Invisibility             Hex            #.......     100%        6    #######
 Shadow Creatures         Summ           N/A          100%        6    #######
 Summon Hydra             Summ           #.........   100%        7    #######
 Tornado                  Air            #.........   100%        9    #######


Dungeon Overview and Level Annotations

Branches:
Dungeon (13/15)            Temple (1/1) D:4            Lair (6/6) D:9
 Shoals (0/4) Lair:4       Spider (2/4) Lair:4        Slime (0/5) Lair:5
    Orc (2/2) D:12            Elf (0/3) Orc:2
 Vaults: D:13-14

Altars:
Ashenzari
Cheibriados
Dithmenos
Elyvilon
Fedhas
Gozag
Hepliaklqana
Kikubaaqudgha
Makhleb
Nemelex Xobeh
Okawaru
Qazlal
Ru
Sif Muna
Trog
Uskayaw
Vehumet
Wu Jian
Xom
Yredelemnul
Zin
The Shining One

Shops:
D:6 *   D:7 :   D:8 *   D:12 [(   Orc:1 (   Orc:2 [*([

Annotations:
Lair:6 exclusion: 4 oklob plants
Spider:3 Arachne


Innate Abilities, Weirdness & Mutations

You have very sharp teeth.
You have large cloven feet.
You have a somewhat thin skeletal structure. (Dex +2, Stealth)
You are resistant to hostile enchantments. (MR+)
Your spells are a little easier to cast, but a little less powerful.


Message History

You feel sick.
Arachne's staff shoots out a stream of webbing.
The stream of webbing hits you but does no damage.
You are caught in a web!
The web tears apart.
* * * LOW HITPOINT WARNING * * *
You feel very sick. Arachne hits you but does no damage.
You carve Arachne like a ham!!!
Arachne is severely wounded.
* * * LOW HITPOINT WARNING * * *
You feel very sick.
You slice Arachne!!
Arachne looks as sick as possible!
Arachne is almost dead.
* * * LOW HITPOINT WARNING * * *
You feel sick. Arachne casts a spell at you. The bolt of poison hits you!!
You are more poisoned.
You die...

....... ##..##......>...#..
.......####..###.......#.....
........##...# ##......##....
..######....## ##.......††...
#####....####.............
............###............
..............#...#...#.##.
..........H......#......###
..........@.....#......#.##
..........<....##......#...
...............##......##.#
..............##........###
............###........###
##.#########^............ #.
##.#........#...
.^####..###......#.##
.........####...^#.#


You could see Arachne.

Vanquished Creatures
  Kirke (Lair:5)
  Erolcha (Orc:2)
  The ghost of Blodwynpig the Blocker, a journeyman MiCK of Xom (Lair:4)
  11 hydras
  The ghost of Mortifus the Destroyer, a journeyman DsFE of Sif Muna (D:10)
  A merfolk avatar (Lair:6)
  7 two-headed ogres
  Sonja (Lair:3)
  2 sea snakes
  An unseen horror (D:10)
  A harpy (Lair:6)
  5 orb spiders (Spider:1)
  5 ugly things
  An orc sorcerer (Orc:1)
  9 wolf spiders
  4 deep elf magi
  An elephant (Lair:6)
  5 oklob plants
  A cyclops (D:13)
  3 manticores
  Joseph (D:9)
  A gargoyle (D:12)
  2 black mambas
  8 spiny frogs
  16 komodo dragons
  3 demonic crawlers (Spider:1)
  3 kobold demonologists (D:12)
  4 rime drakes
  7 trolls
  12 jumping spiders
  2 wind drakes (Lair:6)
  2 polar bears (Lair:6)
  4 hornets
  3 blink frogs (Lair:2)
  6 dream sheep (Lair:4)
  8 hippogriffs
  A slime creature (D:12)
  45 redbacks
  4 wyverns
  2 wraiths
  8 tarantellas
  4 hogs (Lair:5)
  44 yaks
  10 basilisks
  3 hungry ghosts
  2 vampire mosquitoes (D:12)
  A warg (Orc:1)
  A soldier ant (D:12)
  2 acid dragons
  11 water moccasins
  7 porcupines
  4 sky beasts
  3 ice beasts
  A black bear (Lair:3)
  39 orc warriors
  An eye of draining (shapeshifter) (D:13)
  A necrophage (D:9)
  An eye of draining (D:11)
  7 ogres
  7 wolves (Lair:2)
  27 centaurs
  12 crocodiles
  2 phantoms
  5 big kobolds
  20 bullfrogs
  A wyvern zombie (D:9)
  A gnoll sergeant (D:10)
  3 scorpions
  19 killer bees
  12 wights
  A howler monkey (D:3)
  3 electric eels
  15 jellies
  3 bullfrog zombies
  3 centaur zombies
  3 hounds
  4 crimson imps
  20 orc priests
  A gnoll shaman (D:8)
  A bullfrog skeleton (D:5)
  7 iguanas
  2 centaur skeletons
  9 worker ants
  16 orc wizards
  A killer bee zombie (D:5)
  3 hound skeletons
  4 worker ant zombies
  2 howler monkey zombies
  13 gnolls
  13 adders
  9 shadow imps
  An ooze (Lair:5)
  2 worms
  2 dart slugs
  4 leopard geckos
  85 orcs
  3 bats
  6 giant cockroaches
  6 goblins
  4 hobgoblins
  20 jackals
  27 kobolds
  2 quokkas
  A ball python (D:3)
  A ball python zombie (D:5)
  3 frilled lizards
  A leopard gecko zombie (D:8)
  9 rats
  2 fungi
  23 plants
790 creatures vanquished.

Vanquished Creatures (collateral kills)
  An oklob plant (Lair:6)
  A hippogriff (Lair:6)
  A plant (Lair:6)
3 creatures vanquished.

Vanquished Creatures (others)
  2 spiny frogs (Lair:6)
  A hippogriff (Lair:6)
  3 humans (Lair:6)
  2 fungi
  9 plants
17 creatures vanquished.

Grand Total: 810 creatures vanquished

Notes
Turn   | Place    | Note
-------+----------+-------------------------------------------
     0 | D:1      | Delamore the Hill Orc Fighter began the quest for the Orb.
     0 | D:1      | Reached XP level 1. HP: 19/19 MP: 1/1
    42 | D:1      | Reached skill level 3 in Axes
   266 | D:1      | Reached XP level 2. HP: 26/26 MP: 2/2
   332 | D:1      | Reached skill level 4 in Axes
   524 | D:1      | Reached XP level 3. HP: 27/31 MP: 3/3
  1094 | D:2      | Reached skill level 5 in Axes
  1385 | D:2      | Reached XP level 4. HP: 39/39 MP: 4/4
  1604 | D:2      | Reached skill level 6 in Axes
  2305 | D:3      | Found a shattered altar of Ashenzari.
  2562 | D:3      | Found a white marble altar of Elyvilon.
  2600 | D:3      | Reached skill level 7 in Axes
  2600 | D:3      | Reached XP level 5. HP: 31/45 MP: 3/5
  3006 | D:3      | Found a blossoming altar of Fedhas.
  3006 | D:3      | Found a shadowy altar of Dithmenos.
  3292 | D:4      | Found a staircase to the Ecumenical Temple.
  3300 | Temple   | Entered the Ecumenical Temple
  3521 | Temple   | Became a worshipper of Warmaster Okawaru
  3653 | D:4      | Noticed a sky beast
  3669 | D:4      | Killed a sky beast
  3669 | D:4      | Reached skill level 8 in Axes
  3669 | D:4      | Reached XP level 6. HP: 17/51 MP: 2/6
  4034 | D:4      | Reached skill level 9 in Axes
  4143 | D:4      | Found a shimmering altar of Xom.
  4361 | D:5      | Entered Level 5 of the Dungeon
  4414 | D:5      | Reached XP level 7. HP: 55/57 MP: 7/7
  4425 | D:5      | Reached skill level 10 in Axes
  4504 | D:5      | Reached * piety under Okawaru
  4725 | D:5      | Reached skill level 11 in Axes
  4823 | D:5      | Reached XP level 8. HP: 50/64 MP: 8/8
  5035 | D:5      | Reached skill level 12 in Axes
  5173 | D:5      | Reached ** piety under Okawaru
  5657 | D:6      | Reached skill level 13 in Axes
  5763 | D:6      | Found a glowing golden altar of the Shining One.
  5909 | D:6      | Found Ehaxo's General Store.
  5961 | D:6      | Found a radiant altar of Vehumet.
  6119 | D:7      | Found Hil Wiog's Book Shop.
  6134 | D:7      | Reached skill level 14 in Axes
  6134 | D:7      | Reached XP level 9. HP: 58/70 MP: 9/9
  6202 | D:7      | Found a burning altar of Makhleb.
  6217 | D:7      | Found a snail-covered altar of Cheibriados.
  6246 | D:7      | Reached *** piety under Okawaru
  6725 | D:7      | Found a hide-covered altar of Uskayaw.
  6928 | D:8      | Reached skill level 15 in Axes
  7357 | D:8      | Got a steaming helmet
  7368 | D:8      | Identified the cursed +0 helmet "Myrudoij" {rN+ MR+ Slay+6}
                  | (You found it on level 8 of the Dungeon)
  7552 | D:8      | Found Koana's Changing Room.
  7586 | D:8      | Reached skill level 16 in Axes
  7590 | D:8      | Reached **** piety under Okawaru
  7691 | D:8      | Found a glowing silver altar of Zin.
  7711 | D:8      | Found a bloodstained altar of Trog.
  8272 | D:9      | Reached XP level 10. HP: 55/77 MP: 10/10
  8278 | D:9      | Reached skill level 17 in Axes
  8492 | D:9      | Found an ornate altar of the Wu Jian Council.
  8656 | D:9      | Noticed Joseph
  8668 | D:9      | Killed Joseph
  8668 | D:9      | Received a gift from Okawaru
  8673 | D:9      | Reached skill level 5 in Fighting
  8848 | D:9      | Noticed a two-headed ogre
  8857 | D:9      | Killed a two-headed ogre
  9210 | D:9      | Reached ***** piety under Okawaru
  9229 | D:9      | Found a staircase to the Lair.
  9622 | Lair:1   | Entered Level 1 of the Lair of Beasts
  9671 | Lair:1   | Received a gift from Okawaru
  9834 | Lair:1   | Noticed a spiny frog
  9841 | Lair:1   | Killed a spiny frog
  9849 | Lair:1   | Reached skill level 18 in Axes
  9849 | Lair:1   | Reached XP level 11. HP: 89/95 MP: 11/11
 10038 | Lair:1   | Noticed a four-headed hydra
 10045 | Lair:1   | Killed a one-headed hydra
 10045 | Lair:1   | Reached skill level 10 in Fighting
 11215 | Lair:2   | Reached ****** piety under Okawaru
 12081 | Lair:3   | Reached XP level 12. HP: 115/115 MP: 12/12
 12457 | Lair:3   | Noticed Sonja
 12477 | Lair:3   | Received a gift from Okawaru
 12489 | Lair:3   | Cast into level 1 of the Abyss (Sonja)
 12609 | Abyss:1  | Noticed a thrashing horror
 12609 | Abyss:1  | Noticed a wretched star
 12616 | Lair:3   | Escaped the Abyss
 13536 | Lair:3   | Reached skill level 15 in Fighting
 13671 | Lair:3   | You fall into a shaft and drop 1 floor!
 13715 | Lair:4   | Found a runed translucent gate.
 13715 | Lair:4   | Found a runed translucent gate.
 13715 | Lair:4   | Found a runed translucent gate.
 13716 | Lair:4   | Noticed a ten-headed hydra
 13717 | Lair:4   | Noticed Blodwynpig's ghost (journeyman MiCK)
 13717 | Lair:4   | Noticed a 13-headed hydra
 13717 | Lair:4   | Noticed a 12-headed hydra
 13875 | Lair:4   | Got an ancient cloak
 13881 | Lair:4   | Identified the +2 cloak of the Black Moon {Str+5 Dex+5}
                  | (You found it on level 4 of the Lair of Beasts)
 14024 | Lair:4   | Found a hole to the Spider Nest.
 14345 | Lair:4   | Found a staircase to the Shoals.
 14481 | Lair:4   | Noticed a six-headed hydra
 14489 | Lair:4   | Killed a one-headed hydra
 14614 | Lair:4   | Received a gift from Okawaru
 14614 | Lair:4   | Reached skill level 5 in Armour
 14617 | Lair:4   | Got a polished morningstar {god gift}
 14621 | Lair:4   | Identified the +11 morningstar of the Rat {venom, rC+ Dex+5
                  | Stlth+} (Okawaru gifted it to you on level 4 of the Lair of
                  | Beasts)
 15103 | Lair:5   | Noticed a six-headed hydra
 15242 | Lair:5   | Killed a one-headed hydra
 15433 | Lair:5   | Noticed a five-headed hydra
 15443 | Lair:5   | Killed a one-headed hydra
 15554 | Lair:5   | Found a staircase to the Slime Pits.
 15610 | Lair:5   | Reached skill level 19 in Axes
 15610 | Lair:5   | Reached XP level 13. HP: 127/127 MP: 13/13
 15654 | Lair:5   | Received a gift from Okawaru
 15669 | Lair:5   | Got a dazzling broad axe {god gift}
 15673 | Lair:5   | Identified the +7 broad axe "Plog" {venom, Str+3 Stlth+}
                  | (Okawaru gifted it to you on level 5 of the Lair of Beasts)
 15709 | Lair:5   | Reached skill level 1 in Invocations
 15987 | Lair:5   | Reached skill level 1 in Evocations
 16088 | Lair:6   | Entered Level 6 of the Lair of Beasts
 16088 | Lair:6   | Noticed Kirke
 16422 | Lair:5   | Killed Kirke
 16855 | Lair:5   | Received a gift from Okawaru
 17482 | Lair:6   | Reached skill level 5 in Invocations
 18161 | Lair:6   | Found the +10 dark maul {crush}
 18276 | Lair:6   | Got a scorched trident
 18458 | Lair:6   | Identified the +8 trident "Igup" {flame, *Slow Dex+6} (You
                  | found it on level 6 of the Lair of Beasts)
 19073 | D:6      | Bought a scroll of acquirement for 520 gold pieces
 19343 | D:10     | Entered Level 10 of the Dungeon
 19353 | D:10     | Reached XP level 14. HP: 133/137 MP: 18/18
 19418 | D:10     | Reached skill level 10 in Armour
 19786 | D:10     | Found a large runed translucent door.
 19786 | D:10     | Found a large runed translucent door.
 19787 | D:10     | Noticed Mortifus's ghost (journeyman DsFE)
 19798 | D:10     | Killed Mortifus's ghost
 19994 | D:10     | Reached skill level 5 in Evocations
 20253 | D:11     | You fall into a shaft and drop 1 floor!
 20263 | D:12     | Received a gift from Okawaru
 20334 | D:12     | Found Teraclim's Armour Shoppe.
 20335 | D:12     | Found a staircase to the Orcish Mines.
 20351 | D:12     | Found Ita Vien's Weapon Shoppe.
 22334 | Lair:4   | Received a gift from Okawaru
 22345 | Lair:4   | Reached XP level 15. HP: 76/144 MP: 21/21
 22364 | Lair:4   | Killed Blodwynpig's ghost
 22368 | Lair:4   | Got a pair of pitted boots {god gift}
 22435 | Lair:4   | Identified the -6 pair of boots "Yci Kofu" {-Cast rElec
                  | rN+++ rCorr} (Okawaru gifted it to you on level 4 of the
                  | Lair of Beasts)
 22589 | Lair:4   | Identified Noqoig's Papyrus of Igneous Feathers
 23427 | Lair:3   | Killed Sonja
 23602 | Orc:1    | Entered Level 1 of the Orcish Mines
 23773 | Orc:1    | Found Pegusuf's Antique Weapon Emporium.
 23879 | Orc:2    | Entered Level 2 of the Orcish Mines
 23940 | Orc:2    | Found an iron altar of Okawaru.
 24006 | Orc:2    | Found a staircase to the Elven Halls.
 24169 | Orc:2    | Reached skill level 10 in Invocations
 24186 | Orc:2    | Found Wiopn's Assorted Antiques.
 24186 | Orc:2    | Found Queh's Antique Weapon Emporium.
 24191 | Orc:2    | Found Bocao's Armour Shoppe.
 24193 | Orc:2    | Found Xounujer's Antique Armour Shop.
 24441 | Orc:2    | Bought a shimmering cloak for 380 gold pieces
 24451 | Orc:2    | Identified the +1 cloak "Itti" {*Contam +Inv Str+9} (You
                  | bought it in a shop on level 2 of the Orcish Mines)
 24495 | Orc:2    | Gained mutation: You tend to lose your temper in combat.
                  | [mutagenic glow]
 24577 | Orc:2    | Noticed Erolcha
 24584 | Orc:2    | Killed Erolcha
 25315 | Spider:1 | Entered Level 1 of the Spider Nest
 25340 | Spider:1 | Received a gift from Okawaru
 26119 | Spider:1 | Lost mutation: You tend to lose your temper in combat.
                  | [potion of mutation]
 26119 | Spider:1 | Gained mutation: You are clumsy. (Dex -2) [potion of
                  | mutation]
 26119 | Spider:1 | Gained mutation: Your mind is acute. (Int +2) [potion of
                  | mutation]
 26119 | Spider:1 | Gained mutation: Armour fits poorly on your strangely
                  | shaped body. [potion of mutation]
 26119 | Spider:1 | Gained mutation: You are resistant to hostile enchantments.
                  | (MR+) [potion of mutation]
 26120 | Spider:1 | Lost mutation: Armour fits poorly on your strangely shaped
                  | body. [potion of mutation]
 26120 | Spider:1 | Lost mutation: You are clumsy. (Dex -2) [potion of
                  | mutation]
 26120 | Spider:1 | Lost mutation: Your mind is acute. (Int +2) [potion of
                  | mutation]
 26120 | Spider:1 | Gained mutation: You have large cloven feet. [potion of
                  | mutation]
 26120 | Spider:1 | Gained mutation: Your spells are a little easier to cast,
                  | but a little less powerful. [potion of mutation]
 26120 | Spider:1 | Gained mutation: You have a somewhat thin skeletal
                  | structure. (Dex +2, Stealth) [potion of mutation]
 26120 | Spider:1 | Gained mutation: You have very sharp teeth. [potion of
                  | mutation]
 26288 | Spider:2 | You fall into a shaft and drop 1 floor!
 26340 | Spider:3 | Received a gift from Okawaru
 26440 | Spider:3 | Noticed Arachne
 26457 | Spider:3 | HP: 9/216 [poisoned by Arachne]
 26458 | Spider:3 | Killed from afar by Arachne

Levels and vault maps discovered:
D:1:      moated_graveyard_arrival, layout_loops_ring
D:2:      layout_basic
D:3:      layout_basic, evilmike_ruin_ashenzari, nicolae_overflow_crystal_walls,
          gammafunk_temple_overflow_elements, kennysheep_generic_room_13
D:4:      layout_loops_ring, lemuel_coloured_pillars_altar,
          minmay_temple_entry_nine_rooms, minmay_distorted
D:5:      layout_basic, first_ration, nicolae_underground_beach
D:6:      layout_loops_cross, vehumet_crystals, kennysheep_mini_moat,
          serial_shops, shop
D:7:      layout_cave_pools, makhleb_heckhound_becter, kennysheep_mini,
          lemuel_doored_altar, serial_shops, shop, serial_park,
          serial_park_square2, serial_park_square3 [serial_park_minivault_5x5_5]
D:8:      layout_gridville, bloody_trog, lemuel_round_altar,
          nicolae_transmutations_shop
D:9:      layout_grid_maze, overflow_temple_1_default, lair_entry_dummy,
          uniq_joseph
D:10:     layout_roguey, ebering_ghost_disaster_area
D:11:     layout_roguey
D:12:     minmay_s_stair_smasher, layout_rooms, orc_david_3
D:13:     layout_irregular_city
Temple:   jpeg_temple_island
Lair:1:   layout_roguey
Lair:2:   layout_chaotic_city
Lair:3:   beast_lair_carwin_large_2, layout_cave_shapes,
          kennysheep_basilisk_garden, lemuel_fruit_tree, uniq_sonja
Lair:4:   minmay_lair_oklob_tunnel, layout_loops_ring,
          minmay_shoals_entry_beasts, spider_nest_entry_webs,
          gammafunk_ghost_hydra_chop
Lair:5:   layout_big_grid, minmay_slime_entry_jelly_boxes,
          infiniplex_staircase_pool, serial_bayou_shore_a, grunt_megastairs_4,
          serial_bayou_shore_b
Lair:6:   gammafunk_lair_ancient_temple, layout_hall_layers,
          minmay_lair_oklob_chamber, uniq_kirke
Spider:1: layout_spider_delve
Spider:2: layout_spider_delve, drop_trap, spiders_nest_hornet_nest
Spider:3: layout_chambers, guppyfry_hornet_nest, nicolae_spider_cling_ruins,
          uniq_arachne
Orc:1:    layout_diamond_mine, serial_shops, shop, mines3_lemuel
Orc:2:    st_orc_rangers, layout_diamond_mine, david_defended_altar_orc,
          uniq_erolcha

Skill      XL: |  1  2  3  4  5  6  7  8  9 10 11 12 13 14 15 |
---------------+----------------------------------------------+-----
Axes           | 3 4 5 7 8 9 11 14 16 18 19 | 19.2
Fighting       | 8 13 15 16 | 16.3
Armour         | 6 9 12 14 | 14.6
Invocations    | 5 9 11 | 11.3
Evocations     | 4 7 8 |  8.9
Shields        | |  3.2

Action                   |  1- 3 |  4- 6 |  7- 9 | 10-12 | 13-15 || total
-------------------------+-------+-------+-------+-------+-------++-------
Melee: War axe           |   109 |    40 |       |       |       ||   149
       Hand axe          |       |   150 |   468 |   534 |   124 ||  1276
       Morningstar       |       |       |       |    39 |    15 ||    54
       Broad axe         |       |       |       |       |   701 ||   701
       Bite              |       |       |       |       |     6 ||     6
Throw: Dart              |       |       |     7 |     5 |       ||    12
Invok: Heroism           |       |       |       |     1 |     2 ||     3
Evoke: Wand              |       |       |       |       |    18 ||    18
  Use: Scroll            |       |     5 |     1 |    11 |    10 ||    27
       Potion            |       |       |       |     5 |     4 ||     9
  Eat: Chunk             |     2 |     9 |    10 |    22 |    31 ||    74
       Ration            |       |       |     1 |       |     2 ||     3
Armor: Scale mail        |    47 |       |       |       |       ||    47
       Ring mail         |     7 |    60 |       |       |       ||    67
       Plate armour      |       |    11 |   232 |   333 |   615 ||  1191
Dodge: Dodged            |    38 |    57 |    36 |    73 |   225 ||   429
Block: Shield            |    63 |    80 |   145 |   226 |   141 ||   655
       Buckler           |       |       |       |       |   211 ||   211
